 Seeded DCSS version 0.27.0-1-g7a08968 (webtiles) character file.

Game seed: 14036611466628663890 (custom seed)

9 NeededCrab the Poker (level 2, -11/21 HPs)
             Began as a Merfolk Monk on Sept 25, 2021.
             Was a Believer of Hepliaklqana.
             Mangled by a gnoll (19 damage)
             ... on level 1 of the Dungeon.
             The game lasted 00:02:33 (261 turns).

NeededCrab the Poker (Merfolk Monk)                  Turns: 261, Time: 00:02:34

Health: -11/21     AC:  2    Str: 11    XL:     2   Next: 16%
Magic:  2/2        EV: 14    Int:  9    God:    Hepliaklqana [**....]
Gold:   0          SH:  0    Dex: 16    Spells: 1/1 levels left

rFire    . . .     SeeInvis .   a - +0 spear
rCold    . . .     Faith    .   (no shield)
rNeg     . . .     Spirit   .   b - +0 robe
rPois    .         Reflect  .   (no helmet)
rElec    .         Harm     .   (no cloak)
rCorr    .         Rampage  .   (no gloves)
Will     .....                  (no boots)
Stlth    ++........             (no amulet)
HPRegen  0.07/turn              (no ring)
MPRegen  0.08/turn              (no ring)

@: no status effects
A: reduced essence, (nimble swimmer 2), mertail
a: Renounce Religion, Recall Ancestor, Ancestor Identity


You were on level 1 of the Dungeon.
You worshipped Hepliaklqana.
Hepliaklqana was pleased with you.
You visited 1 branch of the dungeon, and saw 1 of its levels.

Inventory:

Hand Weapons
 a - a +0 spear (weapon)
Armour
 b - a +0 robe (worn)
Potions
 c - a potion of brilliance {unknown}


   Skills:
 + Level 3.4 Fighting
 * Level 4.9 Polearms
 + Level 4.2 Dodging
 - Level 2.1 Stealth


You had one spell level left.
You didn't know any spells.
Your spell library contained the following spells:

 Spells                   Type           Power      Damage    Failure   Level
 Apportation              Tloc           0%         N/A       38%         1


Dungeon Overview and Level Annotations

Branches:
Dungeon (1/15)

Altars:
Hepliaklqana


Innate Abilities, Weirdness & Mutations

Your life essence is reduced to manifest your ancestor. (-10% HP)
((You are quick and stealthy near water. (Stealth+, EV+, Speed+++)))
Your lower body shifts to a powerful aquatic tail in water.


Message History

You hit the gnoll.
The gnoll is heavily wounded.
A jackal comes into view.
The gnoll hits you with a +2 whip of electrocution.
The jackal barks!
You hit the gnoll but do no damage.
The gnoll is heavily wounded.
The gnoll closely misses you.
You hit the gnoll.
The gnoll is heavily wounded.
The jackal misses you. The gnoll misses you.
You hit the gnoll.
The gnoll is severely wounded.
The jackal barely misses you. The jackal closely misses you.
The gnoll barely misses you.
The jackal bites you but does no damage.
The jackal misses you. The jackal bites you.
The jackal is caught in a web!
The jackal is caught in a web!
The jackal struggles to get unstuck from the web.
The jackal pulls away from the web.
The jackal struggles to get unstuck from the web.
The jackal pulls away from the web.
You hit the jackal.
You kill the jackal!
The gnoll misses you.
You hit the jackal.
The jackal is lightly wounded.
The gnoll hits you with a +2 whip of electrocution.
The jackal barely misses you.
You hit the jackal but do no damage.
The jackal is lightly wounded.
The jackal barely misses you. The gnoll misses you.
You hit the jackal but do no damage.
The jackal is lightly wounded.
The jackal bites you.
The gnoll hits you with a +2 whip of electrocution.
You are electrocuted!!
Ouch! That really hurt!
You die...

##..#.#(.....##
..#.#.##..###
..#.#.#P..#
#.#.#.#_†.##
#.#.#.#....#
#.#.#.##^..###...
#..#.#..^........
#...#.##g.####...
###....#h@..# .
.......#...##..#
######.##......#
#...#######
####.#########
#............###
#.######........
# #.####### #.#


You could see a gnoll and a jackal.

Vanquished Creatures
  An endoplasm (D:1)
  A giant cockroach (D:1)
  A goblin (D:1)
  A jackal (D:1)
  A quokka (D:1)
  A bat (D:1)
  A frilled lizard (D:1)
7 creatures vanquished.

Vanquished Creatures (collateral kills)
  A jackal (D:1)
1 creature vanquished.

Vanquished Creatures (others)
  A knight (D:1)
1 creature vanquished.

Grand Total: 9 creatures vanquished

Notes
Turn   | Place    | Note
-------+----------+-------------------------------------------
     0 | D:1      | NeededCrab the Merfolk Monk began the quest for the Orb.
     0 | D:1      | Reached XP level 1. HP: 18/18 MP: 1/1
   225 | D:1      | Found a faded altar of an unknown god.
   228 | D:1      | Got Plato's Volume of Displacement
   240 | D:1      | Became a worshipper of Hepliaklqana the Forgotten
   240 | D:1      | Reached * piety under Hepliaklqana
   240 | D:1      | Reached ** piety under Hepliaklqana
   241 | D:1      | Remembered your ancestor WantedCrustacean as a knight
   245 | D:1      | Reached XP level 2. HP: 21/21 MP: 2/2
   261 | D:1      | Mangled by a gnoll

Illustrated notes

Levels and vault maps discovered:
D:1:      elethiomel_arrival_infinity_welcomes_careful_drivers, layout_rooms,
          shapermc_ecumenical_altar_rom_forum, minmay_stone_trees_medium,
          minmay_misc_feat_five

Action                   || total
-------------------------++-------
Melee: Spear             ||    30
Invok: Ancestor Life: Kn ||     1
       Ancestor Identity ||     1
 Stab: Sleeping          ||     2
Armor: Robe              ||     4
Dodge: Dodged            ||    18
